MWL (24 & UNDER)
MANHATTEN MEATHEADS @ GRIM REAPERS
07/28/2028
 
TOP OF THE 1ST
Manhatten Meatheads batting - Pitching for Grim Reapers : RHP Paul Turberville
Pitching: RHP Paul Turberville
Batting: LHB Eric Dillard 0-0: Ball
1-0: Foul Ball, location: 2F
1-1: Foul Ball, location: 2F
1-2: Ball
2-2: Ground out 4-3 (Groundball, 34)
Batting: SHB José Sousa 0-0: Ball
1-0: Ball
2-0: Foul Ball, location: 2F
2-1: Swinging Strike
2-2: Ball
3-2: Base on Balls
Batting: RHB Ramiro Santana 0-0: Ball
1-0: Called Strike
1-1: Ball
2-1: Ball
3-1: Called Strike
3-2: Base on Balls
José Sousa to second
Batting: RHB George Green 0-0: Called Strike
0-1: Fly out, F9 (Flyball, 89M)
Batting: RHB Luis Reynoso 0-0: Ball
1-0: Ball
2-0: Fly out, F5 (Popup, 5L)
Top of the 1st over - 0 run(s), 0 hit(s), 0 error(s), 2 left on base; Manhatten 0 - Grim 0
BOTTOM OF THE 1ST
Grim Reapers batting - Pitching for Manhatten Meatheads : RHP Iván Maldonado
Pitching: RHP Iván Maldonado
Batting: RHB Arturo Franco 0-0: Called Strike
0-1: Called Strike
0-2: Fly out, F4 (Line Drive, 34)
Batting: RHB John Jones 0-0: Ball
1-0: Swinging Strike
1-1: Ground out 4-3 (Groundball, 4)
Batting: RHB Micheal Banks 0-0: Called Strike
0-1: Ball
1-1: Fly out, F7 (Flyball, 78M)
Bottom of the 1st over - 0 run(s), 0 hit(s), 0 error(s), 0 left on base; Manhatten 0 - Grim 0
TOP OF THE 2ND
Manhatten Meatheads batting - Pitching for Grim Reapers : RHP Paul Turberville
Batting: LHB Brent Haynes 0-0: Called Strike
0-1: Swinging Strike
0-2: Foul Ball, location: 2F
0-2: Ball
1-2: Strikes out swinging
Batting: SHB León Glaviz 0-0: Ball
1-0: Ball
2-0: SINGLE (Groundball, 3D)
Batting: RHB José Esparza 0-0: Ball
1-0: Grounds into double play, 5-4-3 (Groundball, 5)
Top of the 2nd over - 0 run(s), 1 hit(s), 0 error(s), 0 left on base; Manhatten 0 - Grim 0
BOTTOM OF THE 2ND
Grim Reapers batting - Pitching for Manhatten Meatheads : RHP Iván Maldonado
Batting: RHB Roberto Villela 0-0: Ball
1-0: SINGLE (Groundball, 4D)
Batting: RHB Roberto Solís 0-0: Foul Ball, location: 2F
0-1: Ball
1-1: Called Strike
1-2: Ball
2-2: Strikes out looking
Batting: RHB Sandro Hernández 0-0: Swinging Strike
0-1: Ball
1-1: Grounds into double play, 5-4-3 (Groundball, 56)
Bottom of the 2nd over - 0 run(s), 1 hit(s), 0 error(s), 0 left on base; Manhatten 0 - Grim 0
TOP OF THE 3RD
Manhatten Meatheads batting - Pitching for Grim Reapers : RHP Paul Turberville
Batting: RHB Tim Bonner 0-0: Foul Ball, location: 2F
0-1: Foul Ball, location: 2F
0-2: Strikes out looking
Batting: LHB Eric Dillard 0-0: Ball
1-0: Foul Ball, location: 2F
1-1: Called Strike
1-2: Strikes out swinging
Batting: SHB José Sousa 0-0: Fly out, F3 (Line Drive, 3)
Top of the 3rd over - 0 run(s), 0 hit(s), 0 error(s), 0 left on base; Manhatten 0 - Grim 0
BOTTOM OF THE 3RD
Grim Reapers batting - Pitching for Manhatten Meatheads : RHP Iván Maldonado
Batting: RHB Gilbert Forbes 0-0: Fly out, F4 (Line Drive, 4M)
Batting: RHB Pedro López 0-0: Ball
1-0: Ball
2-0: Ball
3-0: Called Strike
3-1: Foul Ball, location: 2F
3-2: Base on Balls
Batting: SHB Frank Grant 0-0: Called Strike
0-1: Called Strike
0-2: Strikes out swinging
Batting: RHB Arturo Franco 0-0: Ball
1-0: Ball
Pedro López steals 2nd base
2-0: Ball
3-0: Ground out 6-3 (Groundball, 6S)
Bottom of the 3rd over - 0 run(s), 0 hit(s), 0 error(s), 1 left on base; Manhatten 0 - Grim 0
TOP OF THE 4TH
Manhatten Meatheads batting - Pitching for Grim Reapers : RHP Paul Turberville
Batting: RHB Ramiro Santana 0-0: Ball
1-0: Ball
2-0: SINGLE (Groundball, 6S) (infield hit)
Batting: RHB George Green 0-0: Ball
1-0: Ball
2-0: Called Strike
2-1: Called Strike
2-2: Strikes out swinging
Batting: RHB Luis Reynoso 0-0: Called Strike
Ramiro Santana steals 2nd base
0-1: Foul Ball, location: 2F
0-2: Foul Ball, location: 2F
0-2: Fly out, F7 (Flyball, 7D)
Batting: LHB Brent Haynes 0-0: Swinging Strike
0-1: Foul Ball, location: 2F
0-2: Ball
1-2: Strikes out swinging
Top of the 4th over - 0 run(s), 1 hit(s), 0 error(s), 1 left on base; Manhatten 0 - Grim 0
BOTTOM OF THE 4TH
Grim Reapers batting - Pitching for Manhatten Meatheads : RHP Iván Maldonado
Batting: RHB John Jones 0-0: Called Strike
0-1: Called Strike
0-2: Strikes out swinging
Batting: RHB Micheal Banks 0-0: Ball
1-0: Foul Ball, location: 2F
1-1: SINGLE (Line Drive, 8LS)
Batting: RHB Roberto Villela 0-0: Called Strike
0-1: Ball
1-1: Foul Ball, location: 2F
1-2: Ball
2-2: Strikes out swinging
Batting: RHB Roberto Solís 0-0: Ball
1-0: Fielders Choice at 2nd, 4-6 (Groundball, 4)
Bottom of the 4th over - 0 run(s), 1 hit(s), 0 error(s), 0 left on base; Manhatten 0 - Grim 0
TOP OF THE 5TH
Manhatten Meatheads batting - Pitching for Grim Reapers : RHP Paul Turberville
Batting: SHB León Glaviz 0-0: Fly out, F7 (Line Drive, 78S)
Batting: RHB José Esparza 0-0: Called Strike
0-1: Foul Ball, location: 2F
0-2: Ball
1-2: Strikes out swinging
Batting: RHB Tim Bonner 0-0: Foul Ball, location: 2F
0-1: Fly out, F5 (Popup, 5)
Top of the 5th over - 0 run(s), 0 hit(s), 0 error(s), 0 left on base; Manhatten 0 - Grim 0
BOTTOM OF THE 5TH
Grim Reapers batting - Pitching for Manhatten Meatheads : RHP Iván Maldonado
Batting: RHB Sandro Hernández 0-0: Fly out, F8 (Flyball, 89M)
Batting: RHB Gilbert Forbes 0-0: Ball
1-0: Foul Ball, location: 2F
1-1: SINGLE (Flyball, 9LS)
Batting: RHB Pedro López 0-0: Ball
1-0: Called Strike
1-1: Foul Ball, location: 2F
1-2: Ball
2-2: Ball
3-2: Foul Ball, location: 2F
3-2: Strikes out swinging
Batting: SHB Frank Grant 0-0: Ball
1-0: SINGLE (Line Drive, 4MD)
Gilbert Forbes to second
Batting: RHB Arturo Franco 0-0: Ball
1-0: Ball
2-0: Foul Ball, location: 2F
2-1: Foul Ball, location: 2F
2-2: Ball
3-2: Ground out 6-3 (Groundball, 6)
Bottom of the 5th over - 0 run(s), 2 hit(s), 0 error(s), 2 left on base; Manhatten 0 - Grim 0
TOP OF THE 6TH
Manhatten Meatheads batting - Pitching for Grim Reapers : RHP Paul Turberville
Batting: LHB Eric Dillard 0-0: Ball
1-0: Called Strike
1-1: Foul Ball, location: 2F
1-2: Strikes out swinging
Batting: SHB José Sousa 0-0: Called Strike
0-1: Fly out, F6 (Popup, 4M)
Batting: RHB Ramiro Santana 0-0: Ball
1-0: Ball
2-0: Foul Ball, location: 2F
2-1: Foul Ball, location: 2F
2-2: SINGLE (Line Drive, 9S)
Batting: RHB George Green 0-0: Ball
Ramiro Santana steals 2nd base
1-0: DOUBLE (Flyball, 78D)
Ramiro Santana scores
Batting: RHB Luis Reynoso 0-0: Foul Ball, location: 2F
0-1: Ball
1-1: Ball
2-1: Ground out 5-3 (Groundball, 56)
Top of the 6th over - 1 run(s), 2 hit(s), 0 error(s), 1 left on base; Manhatten 1 - Grim 0
BOTTOM OF THE 6TH
Grim Reapers batting - Pitching for Manhatten Meatheads : RHP Iván Maldonado
Batting: RHB John Jones 0-0: Called Strike
0-1: SINGLE (Groundball, 6S) (infield hit)
Batting: RHB Micheal Banks 0-0: Ball
1-0: Called Strike
1-1: Swinging Strike
1-2: Foul Ball, location: 2F
1-2: Strikes out swinging
Batting: RHB Roberto Villela 0-0: Ball
1-0: Ball
2-0: Called Strike
2-1: SINGLE (Flyball, 8LS)
John Jones to second
Batting: RHB Roberto Solís 0-0: Ball
1-0: 3-RUN HOME RUN (Flyball, 7D), Distance : 410 ft
Batting: RHB Sandro Hernández 0-0: Called Strike
0-1: Ball
1-1: Ball
2-1: Swinging Strike
2-2: Foul Ball, location: 2F
2-2: Reached on error, E7 (Flyball, 7)
Pitching: RHP Ken Edwards
Batting: RHB Gilbert Forbes 0-0: Ball
1-0: Foul Ball, location: 2F
1-1: Grounds into double play, 4-6-3 (Groundball, 4)
Bottom of the 6th over - 3 run(s), 3 hit(s), 1 error(s), 0 left on base; Manhatten 1 - Grim 3
TOP OF THE 7TH
Manhatten Meatheads batting - Pitching for Grim Reapers : RHP Paul Turberville
Batting: LHB Brent Haynes 0-0: Ball
1-0: Fly out, F8 (Flyball, 8RM)
Batting: SHB León Glaviz 0-0: Ball
1-0: Swinging Strike
1-1: Swinging Strike
1-2: Strikes out looking
Batting: RHB José Esparza 0-0: Foul Ball, location: 2F
0-1: Ball
1-1: Called Strike
1-2: Ground out 5-3 (Groundball, 56)
Top of the 7th over - 0 run(s), 0 hit(s), 0 error(s), 0 left on base; Manhatten 1 - Grim 3
BOTTOM OF THE 7TH
Grim Reapers batting - Pitching for Manhatten Meatheads : RHP Ken Edwards
Batting: RHB Pedro López 0-0: Fly out, F9 (Flyball, 89S)
Batting: SHB Frank Grant 0-0: Swinging Strike
0-1: Called Strike
0-2: Strikes out looking
Batting: RHB Arturo Franco 0-0: Swinging Strike
0-1: Foul Ball, location: 2F
0-2: Ball
1-2: Fly out, F6 (Popup, 6)
Bottom of the 7th over - 0 run(s), 0 hit(s), 0 error(s), 0 left on base; Manhatten 1 - Grim 3
TOP OF THE 8TH
Manhatten Meatheads batting - Pitching for Grim Reapers : RHP Paul Turberville
Pitching: RHP Joe Bell
Batting: RHB Tim Bonner 0-0: Called Strike
0-1: Called Strike
0-2: Strikes out swinging
Batting: LHB Eric Dillard 0-0: Ball
1-0: Called Strike
1-1: Fly out, F7 (Flyball, 7S)
Batting: SHB José Sousa 0-0: Called Strike
0-1: Fly out, F9 (Flyball, 9LD)
Top of the 8th over - 0 run(s), 0 hit(s), 0 error(s), 0 left on base; Manhatten 1 - Grim 3
BOTTOM OF THE 8TH
Grim Reapers batting - Pitching for Manhatten Meatheads : RHP Ken Edwards
Batting: RHB John Jones 0-0: Ground out 4-3 (Groundball, 4)
Batting: RHB Micheal Banks 0-0: Swinging Strike
0-1: Ball
1-1: Fly out, F7 (Flyball, 7S)
Batting: RHB Roberto Villela 0-0: Ball
1-0: Called Strike
1-1: Ball
2-1: Foul Ball, location: 2F
2-2: Foul Ball, location: 2F
2-2: Ball
3-2: Fly out, F8 (Flyball, 89M)
Bottom of the 8th over - 0 run(s), 0 hit(s), 0 error(s), 0 left on base; Manhatten 1 - Grim 3
TOP OF THE 9TH
Manhatten Meatheads batting - Pitching for Grim Reapers : RHP Joe Bell
Pitching: RHP António Castaneda
Batting: RHB Ramiro Santana 0-0: Ball
1-0: Fly out, F9 (Flyball, 89S)
Batting: RHB George Green 0-0: Foul Ball, location: 2F
0-1: Fly out, F3 (Line Drive, 3S)
Batting: RHB Luis Reynoso 0-0: Called Strike
0-1: Swinging Strike
0-2: Ball
1-2: Foul Ball, location: 2F
1-2: DOUBLE (Flyball, 78M)
Batting: LHB Brent Haynes 0-0: Ball
1-0: Foul Ball, location: 2F
1-1: Ball
2-1: Called Strike
2-2: Fly out, F7 (Flyball, 7)
Top of the 9th over - 0 run(s), 1 hit(s), 0 error(s), 1 left on base; Manhatten 1 - Grim 3
Tuesday, August 8th, 2017 - OOTP Baseball 17.12 Build 75